 Dungeon Crawl Stone Soup version 0.31.0-32-g396128a36d (webtiles) character file.

Game seed: 7024732526943597282

336 Sopa the Trooper (level 6, -1/66 HPs)
             Began as an Oni Berserker on Mar 22, 2024.
             Was a Believer of Trog.
             Slain by an iguana (4 damage)
             ... on level 4 of the Dungeon.
             The game lasted 00:11:35 (2647 turns).

Sopa the Trooper (Oni Berserker)                    Turns: 2647, Time: 00:11:35

Health: -1/66      AC:  4    Str: 24    XL:     6   Next: 54%
Magic:  6/6        EV: 10    Int:  8    God:    Trog [**....]
Gold:   221        SH:  0    Dex:  8    Spells: 5/5 levels left

rFire   . . .        h - +3 quarterstaff (chaos)
rCold   . . .        (shield currently unavailable)
rNeg    + . .        b - +0 animal skin
rPois   .            (helmet restricted)
rElec   .            i - +0 cloak
rCorr   .            (gloves unavailable)
SInv    .            (boots unavailable)
Will    .....        (no amulet)
Stlth   +            e - ring of positive energy
HPRegen 0.31/turn    (no ring)
MPRegen 0.10/turn

%: no passive effects
@: no status effects
A: large, unfitting armour, horns 1, tough skin 1, double potion healing,
drunken brawling
a: Renounce Religion, Berserk, Trog's Hand


You were on level 4 of the Dungeon.
You worshipped Trog.
Trog was pleased with you.
You visited 1 branch of the dungeon, and saw 4 of its levels.

You collected 221 gold pieces.

Inventory:

Hand Weapons
 a - a +0 hand axe
 h - a +3 quarterstaff of chaos (weapon)
Missiles
 j - 10 poisoned darts (quivered)
Armour
 b - a +0 animal skin (worn)
 i - a +0 cloak (worn)
Jewellery
 e - a ring of positive energy (left hand)
Scrolls
 c - 2 scrolls of teleportation {unknown}
 d - a scroll of enchant armour {unknown}
 f - a scroll of fear {unknown}
Potions
 g - a potion of might {unknown}
 k - a potion of brilliance {unknown}
 l - 2 potions of heal wounds {unknown}


   Skills:
 + Level 5.5 Fighting
 + Level 4.8 Axes
 + Level 1.4 Staves
 + Level 4.0 Dodging
 + Level 1.2 Stealth


You had 5 spell levels left.
You didn't know any spells.
Your spell library was empty.

Dungeon Overview and Level Annotations

Branches:
Dungeon (4/15)
 Temple: D:4-7

Altars:

Shops:
D:4 [


Innate Abilities, Weirdness & Mutations

You are too large for most types of armour.
You have a pair of small horns on your head.
You have tough skin. (AC +1)
You gain doubled healing and magic from potions.
Whenever you drink a healing potion, you attack all around you.


Message History

You closely miss something.
You hear some strange, mumbled words.
You are confused.
The orc priest hits you with a +0 flail!
* * * LOW HITPOINT WARNING * * *
The giant cockroach bites you but does no damage.
Okay, then.
You're too confused to move!
Something hits you but does no damage.
The orc priest hits you with a +0 flail.
* * * LOW HITPOINT WARNING * * *
The giant cockroach bites you.
* * * LOW HITPOINT WARNING * * *
The giant cockroach bites you.
* * * LOW HITPOINT WARNING * * *
The orc priest closely misses you.
You see here a jackal corpse.
You sock the orc priest! You burn the orc priest.
You kill the orc priest!
Trog accepts your kill. The giant cockroach bites you.
* * * LOW HITPOINT WARNING * * *
Something hits you.
* * * LOW HITPOINT WARNING * * *
The giant cockroach barely misses you. The iguana bites you.
* * * LOW HITPOINT WARNING * * *
You hear some strange, mumbled words.
A magic dart appears from out of thin air!
The magic dart hits you.
* * * LOW HITPOINT WARNING * * *
Your Dodging skill increases to level 4!
You are too confused!
The giant cockroach attacks as it pursues you!
The giant cockroach bites you but does no damage.
A magic dart appears from out of thin air!
The magic dart hits you.
* * * LOW HITPOINT WARNING * * *
You bump into the tree.
You feel less confused. The giant cockroach barely misses you.
The iguana bites you.
You die...

###.........####
.####........#
..##.##......###
....(##...#..##.#### .
.....#....#..# ....#...#
..........#..##..♣.....#
..............#♣.∩.♣..#
.................♣....#.
..#.....#<....?.@.......
........#.....{Bl.#.....
.....#.###..##.)..# ...
... ..........## # ...
.....##....# ... .###..
#...... .## ... .......#
## . .......## #.
..#....#


You could see an iguana and a giant cockroach.

Vanquished Creatures
  A centaur (D:4)
  A bombardier beetle (D:3)
  Crazy Yiuf (D:3)
  An orc priest (D:4)
  Jessica (D:3)
  An iguana (D:3)
  3 adders (D:3)
  3 ribbon worms (D:2)
  3 dart slugs
  3 orcs
  6 ball pythons
  2 endoplasms
  2 giant cockroaches
  5 hobgoblins
  6 jackals
  6 quokkas
  9 bats
  3 frilled lizards
  8 goblins
  4 kobolds
  2 rats
71 creatures vanquished.

Notes
Turn   | Place    | Note
-------+----------+-------------------------------------------
     0 | D:1      | Sopa the Oni Berserker began the quest for the Orb.
     0 | D:1      | Reached XP level 1. HP: 24/24 MP: 1/1
   127 | D:1      | Reached XP level 2. HP: 24/32 MP: 2/2
   253 | D:1      | Found a faded altar of an unknown god.
   718 | D:1      | Reached XP level 3. HP: 40/40 MP: 3/3
  1086 | D:2      | Reached ** piety under Trog
  1534 | D:3      | Reached XP level 4. HP: 43/49 MP: 4/4
  1632 | D:3      | Found a runed translucent door.
  1633 | D:3      | Noticed Crazy Yiuf
  1640 | D:3      | Killed Crazy Yiuf
  1641 | D:3      | Reached skill level 5 in Fighting
  1641 | D:3      | Reached XP level 5. HP: 57/57 MP: 1/5
  1717 | D:3      | Noticed Jessica
  1729 | D:3      | Killed Jessica
  2147 | D:3      | Reached skill level 1 in Stealth
  2501 | D:4      | Noticed a centaur
  2509 | D:4      | Killed a centaur
  2510 | D:4      | Reached skill level 1 in Staves
  2510 | D:4      | Reached XP level 6. HP: 50/66 MP: 6/6
  2629 | D:4      | Found Vacuxkats's Antique Armour Shoppe.
  2646 | D:4      | HP: 3/66 [something/magic dart (3)]
  2647 | D:4      | Slain by an iguana

Illustrated notes

Levels and vault maps discovered:
D:1:      moated_graveyard_arrival, layout_loops_corners,
          hellmonk_ecumenical_altar_heavens_door, minmay_misc_feat_roman
D:2:      layout_rooms
D:3:      layout_loops_ring, uniq_crazy_yiuf_cottage, uniq_jessica
D:4:      layout_cave_pools, nicolae_qazlal_eye_of_the_storm, okawaru_trees_2,
          minmay_temple_entry_from_below_a, serial_shops, nicolae_shop_trees

Skill      XL: |  1  2  3  4  5  6 |
---------------+-------------------+-----
Dodging        | 3 4 |  4.0
Axes           | 4 |  4.8
Fighting       | 5 |  5.5
Stealth        | 1 |  1.2
Staves         | 1 |  1.4

Action                     |  1- 3 |  4- 6 || total
---------------------------+-------+-------++-------
  Melee: Hand axe          |    96 |    12 ||   108
         Headbutt          |    19 |     9 ||    28
         Punch             |     2 |       ||     2
         Quarterstaff      |       |    84 ||    84
 Invoke: Berserk           |       |     1 ||     1
   Stab: Sleeping          |     2 |       ||     2
 Armour: Animal skin       |    61 |   112 ||   173
  Dodge: Dodged            |    54 |    81 ||   135
